[Event "Czech Extraliga 2024-25"]
[Site "Czechia"]
[Date "2024.11.03"]
[Round "2.4"]
[White "Neugebauer, Martin"]
[Black "Neuman, Petr"]
[Result "1-0"]
[ECO "B31"]
[WhiteElo "2525"]
[BlackElo "2426"]
[Annotator "TA"]
[PlyCount "127"]
[EventDate "2024.09.12"]
[EventType "team-tourn"]
[EventCountry "CZE"]
[SourceTitle "playchess.com"]
[Source "ChessBase"]
[SourceQuality "1"]
[TimeControl "40/5400+30:1800+30"]

1. e4 c5 2. Nf3 Nc6 3. Bb5 g6 4. O-O Bg7 5. Bxc6 dxc6 6. d3 Nf6 7. h3 Nd7 8. Nc3 e5 9. Be3 b6 10. Qd2 h6 11. Nh2 Nf8 12. f4 exf4 13. Bxf4 Ne6 14. Be3 Nd4 15. Rae1 Be6 16. Nd1 Qd7 17. c3 Nb5 18. a4 Nc7 19. Nf3 O-O-O 20. Nf2 g5 21. d4 Bc4 22. Nd3 Qe6 23. Rf2 f6 24. b4 cxb4 25. Nb2 b3 26. Nxc4 Qxc4 27. Qb2 f5 28. Nd2 Qd3 29. Rxf5 (29. Nxb3 fxe4 30. Rf7 Rd7 $17) 29... Nd5 $1 30. Rxd5 cxd5 31. Qxb3 Rhe8 32. a5 (32. e5 $11 {might be stronger.}) 32... b5 (32... Re6 $1 $15) 33. a6 (33. Bf2 $11 {remains equal.}) 33... Re7 $17 (33... dxe4 $2 34. Qf7 Rd7 35. Qxe8+ $18) 34. e5 Rc7 35. Nb1 ({Better is} 35. Nf1) 35... Bf8 $17 36. Qb2 Rc6 37. Qa2 (37. Bf2 $17) 37... Be7 38. Kh2 h5 39. Bf2 g4 40. Re3 Qg6 41. h4 Rxa6 42. Qb2 Rf8 43. Re1 Qd3 44. Bg3 Rf1 45. Rxf1 Qxf1 46. Nd2 Qd3 $1 47. Qb3 $2 (47. Nb3 {only move.}) 47... Qxd2 $19 48. Qxb5 Rb6 $4 (48... Re6 49. Qxd5 Qh6 50. Qa8+ Kd7 51. d5 $18 (51. Qxa7+ Ke8 $16)) (48... Qh6 $1 $19 49. Qxd5 Rc6) 49. Qe8+ $18 Kb7 50. Qxe7+ Ka6 51. Qa3+ Kb7 52. Qa5 Qe3 (52... Qe2 $142 53. Qxd5+ Rc6 54. Qb3+ Kc8) 53. Qxd5+ $18 Ka6 54. Qc4+ Kb7 55. d5 a5 56. d6 ({Not} 56. e6 Rb1 57. Qc7+ (57. Qc6+ Ka7 $11) 57... Ka6 $11) 56... Rb1 57. Qf7+ $2 ({Only move:} 57. Qd5+ $1 $18 Kb6 58. Qd4+ Qxd4 59. cxd4) 57... Ka6 $2 (57... Kb6 $11 58. Bf2 (58. Qxh5 $2 Qg1#) 58... g3+ 59. Bxg3 Qg1+ 60. Kh3 Qh1+ 61. Bh2 Qd1) 58. Qc4+ (58. Qxh5 $2 Qg1#) 58... Kb7 $1 {[%emt 0:00:19] [#]} 59. Qc7+ $2 (59. Qd5+ $1 $18 Kb6 60. Qd4+ Qxd4 61. cxd4) 59... Ka6 $11 60. Qc4+ $2 (60. Qc8+ $11 Ka7 61. Qc7+ Ka6 62. Qc4+ Kb6 63. Qd4+ (63. Qc7+ Ka6 $18) 63... Qxd4 64. cxd4) 60... Kb7 $1 $18 {[%emt 0:01:38] [#]} 61. Qd4 $2 (61. Qd5+ $1 $18 Kb6 62. Qd4+ Qxd4 63. cxd4) 61... Qxd4 $11 62. cxd4 Kc6 $2 (62... Kc8 $11) 63. d5+ Kxd5 64. d7 1-0

[Event "Czech Extraliga 2024-25"]
[Site "Czechia"]
[Date "2024.11.03"]
[Round "2.4"]
[White "Cernousek, Lukas"]
[Black "Cvek, Robert"]
[Result "0-1"]
[ECO "B36"]
[WhiteElo "2445"]
[BlackElo "2437"]
[Annotator "TA"]
[PlyCount "36"]
[EventDate "2024.09.12"]
[EventType "team-tourn"]
[EventCountry "CZE"]
[SourceTitle "playchess.com"]
[Source "ChessBase"]
[SourceQuality "1"]
[TimeControl "40/5400+30:1800+30"]

1. e4 c5 2. Nf3 Nc6 3. d4 cxd4 4. Nxd4 g6 5. c4 Nf6 6. Nc3 d6 7. f3 Nxd4 8. Qxd4 Bg7 9. Be3 O-O 10. Qd2 a5 11. Na4 Nd7 12. Bh6 Bxh6 {[%emt 0:03:20] The position is equal.} 13. Qxh6 Nc5 14. Nc3 Be6 15. O-O-O a4 16. h4 (16. a3 $11 {is superior.}) 16... a3 $1 $15 {[%emt 0:01:53] Threatens to win with ...axb2+.} 17. b4 {[%emt 0:00:00] [#]} (17. h5 $15 axb2+ 18. Kb1) 17... Qb6 $1 $17 18. Nb5 $2 {[%emt 0:00:00] [#]} (18. b5 $17 Qa5 19. Qd2) 18... Nb3+ {[%emt 0:02:05] White got outplayed after the opening.   Weighted Error Value: White=0.72/Black=0.07 (flawless) .  Loses game:     	White=1     	---        Mistake:       	White=2     	Black=1      Inaccurate:     	White=2     	Black=1      OK:         	White=1     	Black=3      Strong:       	---       	Black=2} 0-1

[Event "Czech Extraliga 2024-25"]
[Site "Czechia"]
[Date "2024.11.03"]
[Round "2.4"]
[White "Ludvik, Tomas"]
[Black "Plat, Vojtech"]
[Result "0-1"]
[ECO "D83"]
[WhiteElo "2197"]
[BlackElo "2464"]
[Annotator "TA"]
[PlyCount "58"]
[EventDate "2024.09.12"]
[EventType "team-tourn"]
[EventCountry "CZE"]
[SourceTitle "playchess.com"]
[Source "ChessBase"]
[SourceQuality "1"]
[TimeControl "40/5400+30:1800+30"]

1. d4 Nf6 2. c4 g6 3. Nc3 d5 4. Bf4 Bg7 5. e3 O-O 6. Rc1 c5 7. dxc5 Be6 8. Nf3 Nc6 9. Nd4 (9. Be2 $14) 9... Nxd4 $11 10. exd4 dxc4 11. Be5 (11. Be2 $15) 11... Bh6 $17 12. Ra1 Ng4 (12... b5 $17 {Strongly threatening ...b4.} 13. Be2 b4) 13. Bg3 {[%emt 0:00:58] Black keeps a firm grip on the game.} (13. Bxc4 $1 $15 Bxc4 14. Qxg4) 13... Bg7 {[%emt 0:00:55] Black is more active.} 14. h3 Nh6 15. Be5 Bxe5 16. dxe5 {[%emt 0:00:02] [#]} Qc7 $1 17. Qd4 (17. g4 $142) 17... Nf5 $19 18. Qf4 Rfd8 19. Be2 Rd4 20. Qh2 Qxc5 21. O-O Rad8 22. g4 Nh4 23. Qg3 g5 24. Rad1 {[%emt 0:00:14] Repels Rd3} Rxd1 25. Rxd1 Rxd1+ 26. Bxd1 (26. Nxd1 {was the only defense.} Ng6 27. Bf1) 26... Ng6 27. Bc2 Qxe5 ({Less strong is} 27... Nxe5 28. Ne4 Qd4 29. Qc3 $19) 28. Bxg6 (28. Qxe5 {keeps fighting.} Nxe5 29. Kg2) 28... Qxg3+ 29. fxg3 hxg6 {[%emt 0:00:03] Weighted Error Value: White=0.41/Black=0.15 (very precise) .  Mistake:       	White=5     	Black=1      Inaccurate:     	White=1     	Black=1      OK:         	White=6     	Black=14     Best:        	---       	Black=3} 0-1

[Event "Czech Extraliga 2024-25"]
[Site "Czechia"]
[Date "2024.11.03"]
[Round "2.5"]
[White "Jaracz, Pawel"]
[Black "Nemec, Jachym"]
[Result "0-1"]
[ECO "B12"]
[WhiteElo "2473"]
[BlackElo "2411"]
[Annotator "TA"]
[PlyCount "70"]
[EventDate "2024.09.12"]
[EventType "team-tourn"]
[EventCountry "CZE"]
[SourceTitle "playchess.com"]
[Source "ChessBase"]
[SourceQuality "1"]
[TimeControl "40/5400+30:1800+30"]

1. e4 c6 2. d4 d5 3. e5 Bf5 4. Nf3 e6 5. Be2 a6 6. O-O Bg6 7. c3 c5 8. Be3 {[%emt 0:01:23] White has an edge.} Nd7 9. Nbd2 Nh6 10. dxc5 Bxc5 11. Bf4 Nf5 12. Nb3 Ba7 13. Bd3 O-O 14. Bxf5 Bxf5 15. Nfd4 Bg6 16. Qg4 Nb6 17. Rae1 Nc4 18. Re2 Qd7 19. Nc1 {[%emt 0:02:24] Wards off Bd3} Rac8 20. h4 h5 21. Qg3 Bxd4 22. cxd4 {[%emt 0:00:04] White is weak on the light squares} Qb5 23. a4 Qb4 (23... Qxa4 24. b3 Qc6 25. bxc4 dxc4 26. Qc3 $14) 24. b3 Na3 25. Rd1 Rc6 {[%emt 0:09:34] Black is more active.} 26. Qg5 {[%emt 0:00:40] [#]} (26. Na2 $17 Qb6 27. Bc1) 26... Nb1 $1 $19 27. Kh2 Qb6 28. g4 (28. Rg1 $142) 28... Nc3 29. gxh5 (29. Rde1 {keeps fighting.} Nxe2 (29... Qxd4 $2 30. Rd2 $19) 30. Nxe2) 29... Nxd1 (29... Nxe2 30. Nxe2 Qxb3 31. Rd2 $17) 30. hxg6 fxg6 (30... Qxd4 $2 31. Rd2 Qe4 (31... f6 32. exf6 Qxf6 33. Qxf6 $17) 32. Rxd1 fxg6 33. Bg3 $19) 31. Be3 Nxe3 32. Qxe3 Qd8 33. Kg3 Qe7 34. Ra2 Qf7 {[%emt 0:02:10][%cal Oc6c1] [#] White must now prevent ...Rxc1!} 35. Ne2 Qf5 {[%emt 0:00:30] Weighted Error Value: White=0.27 (precise) /Black=0.15 (very precise) .  Mistake:       	White=3     	---        Inaccurate:     	White=3     	Black=1      OK:         	White=9     	Black=12     Best:        	---       	Black=3} 0-1

[Event "Czech Extraliga 2024-25"]
[Site "Czechia"]
[Date "2024.11.03"]
[Round "2.5"]
[White "Kraus, Tomas"]
[Black "Jirasek, Pavel"]
[Result "1/2-1/2"]
[ECO "D04"]
[WhiteElo "2457"]
[BlackElo "2268"]
[Annotator "TA"]
[PlyCount "46"]
[EventDate "2024.09.12"]
[EventType "team-tourn"]
[EventCountry "CZE"]
[SourceTitle "playchess.com"]
[Source "ChessBase"]
[SourceQuality "1"]
[TimeControl "40/5400+30:1800+30"]

1. Nf3 Nf6 2. e3 c5 3. d4 d5 4. dxc5 e6 5. b4 a5 6. c3 axb4 7. cxb4 b6 $1 8. Bb5+ Bd7 9. Bxd7+ Nbxd7 10. a4 bxc5 11. b5 Bd6 12. O-O Qc7 13. Bb2 {[%emt 0:06:25] [#]} g5 $1 {[%emt 0:05:41] And now ...g4 would win.} 14. g3 (14. Nxg5 Bxh2+ 15. Kh1 Bd6 $11) 14... Rg8 ({Black should play} 14... g4 $1 $11 15. Nh4 Be5) 15. Nbd2 h5 (15... g4 $11 16. Nh4 c4) 16. Qe2 (16. e4 $14) 16... h4 (16... g4 $142 17. Nh4 Be5 18. Bxe5 Qxe5) 17. Bxf6 $11 Nxf6 18. e4 {[%emt 0:00:05] [#] aiming for e5.} hxg3 19. e5 (19. hxg3 $14 g4 20. Nh2) 19... gxh2+ (19... g4 $1 $15 20. fxg3 (20. exd6 gxf3 $11) 20... gxf3 21. Nxf3 (21. exd6 $2 {too greedy.} fxe2 22. dxc7 exf1=N $19) 21... Be7 22. exf6 Bxf6) 20. Kh1 $1 Be7 21. exf6 Bxf6 {[%emt 0:00:06] Threatens to win with ...g4.} 22. Ra3 c4 (22... g4 $15 {deserves consideration.} 23. Nxh2 Rh8) 23. Re1 ({Don't play} 23. Nxh2 Rh8 24. f4 gxf4 $17) 23... Qd6 {[%emt 0:08:28] Weighted Error Value: White=0.24 (precise) /Black=0.24 (precise) .  Mistake:       	White=2     	Black=5      Inaccurate:     	White=2     	---        OK:         	White=7     	Black=4      Best:        	---       	Black=2      Strong:       	White=1     	Black=1} 1/2-1/2

[Event "Czech Extraliga 2024-25"]
[Site "Czechia"]
[Date "2024.11.03"]
[Round "2.5"]
[White "Zwardon, Vojtech"]
[Black "Zilka, Stepan"]
[Result "0-1"]
[ECO "A13"]
[WhiteElo "2446"]
[BlackElo "2539"]
[Annotator "TA"]
[PlyCount "110"]
[EventDate "2024.09.12"]
[EventType "team-tourn"]
[EventCountry "CZE"]
[SourceTitle "playchess.com"]
[Source "ChessBase"]
[SourceQuality "1"]
[TimeControl "40/5400+30:1800+30"]

1. c4 e6 2. Nf3 d5 3. e3 Nf6 4. b3 c5 5. Bb2 Nc6 6. cxd5 exd5 7. Bb5 Bd6 8. d4 {[%emt 0:01:43] A13: English Opening: 1...e6.} cxd4 9. Nxd4 Bd7 10. Nc3 O-O 11. O-O Re8 12. Nf3 a6 13. Be2 (13. Nxd5 $2 Nxd5 $19) 13... Bf5 14. Rc1 Rc8 15. g3 Bb8 16. Na4 Bh3 17. Re1 Ne4 18. Nc5 $146 ({Predecessor:} 18. Nc3 Ba7 19. Bf1 Bg4 20. Bg2 Nxf2 21. Kxf2 d4 22. Nb1 dxe3+ 23. Kf1 e2+ 24. Rxe2 Qb6 25. Rxc6 Qxc6 26. Nc3 Rxe2 27. Qxe2 Re8 28. Qd3 Qb6 29. Ne4 Rxe4 {0-1 Izoria,Z (2450)-Colin,V (2294) EU-ch U20 Aviles 2000 (4)}) 18... Ba7 19. Nxe4 dxe4 20. Qxd8 Rcxd8 21. Ng5 Bf5 $1 22. g4 Bc8 23. Bc4 Rd7 $1 24. Red1 Rc7 $1 25. Be2 $1 h6 26. Nh3 h5 27. Nf4 Bxg4 28. Bxg4 (28. Nd5 Rcc8 29. Bxg4 hxg4 $17) 28... hxg4 29. Rd5 (29. Nh5 $11 f6 (29... f5 30. Nxg7 Rxg7 31. Bxg7 $18) 30. Bxf6 gxf6 31. Nxf6+ Kf7 32. Nxe8 Kxe8 33. Rd5) 29... f6 $15 30. Kg2 Bb8 31. Kg3 $2 {[%emt 0:01:22] [#]} (31. Nh5 $17 Rd8 32. Rxd8+ Nxd8 33. Rxc7 Bxc7 34. Bxf6 gxf6 35. Nxf6+ Kf7 36. Nxe4) 31... g5 $1 $19 32. Nh5 Ne7 33. Nxf6+ Kf7 34. Rxc7 Bxc7+ 35. Kxg4 Nxd5 36. Nxe8 Kxe8 37. Kxg5 Nb4 38. h4 Bd8+ (38... Nxa2 $2 {loses.} 39. h5 $18) 39. Kg4 Nd3 ({Less strong is} 39... Nxa2 40. h5 Kf7 41. Kf5 $17) 40. Bd4 (40. Bc3 {was the only chance.} Nxf2+ 41. Kg3) 40... Nxf2+ $19 41. Kg3 Nd3 42. h5 Kf7 43. Kg4 Bf6 44. Bb6 Nc1 45. Kf5 Nxa2 46. Kxe4 Nc1 47. Kd5 Nxb3 48. e4 Nd2 49. Ba5 Nf3 50. Kd6 Ne5 51. Kd5 Nc6 52. Bd2 a5 53. Kc4 a4 54. Bc1 Nd4 55. Kd5 Ne2 0-1

[Event "Czech Extraliga 2024-25"]
[Site "Czechia"]
[Date "2024.11.03"]
[Round "2.5"]
[White "Haba, Petr"]
[Black "Bernasek, Jan"]
[Result "1/2-1/2"]
[ECO "E90"]
[WhiteElo "2425"]
[BlackElo "2496"]
[Annotator "TA"]
[PlyCount "92"]
[EventDate "2024.09.12"]
[EventType "team-tourn"]
[EventCountry "CZE"]
[SourceTitle "playchess.com"]
[Source "ChessBase"]
[SourceQuality "1"]
[TimeControl "40/5400+30:1800+30"]

1. d4 Nf6 2. c4 g6 3. Nc3 Bg7 4. e4 d6 5. Nf3 O-O 6. h3 e5 7. d5 Na6 8. Bg5 Qe8 9. g4 Nc5 10. Nd2 a5 11. Be2 Nfd7 12. Qc2 f5 13. gxf5 gxf5 {[%emt 0:01:46] White is better.} 14. Rg1 {[%emt 0:00:08] Black must now prevent Bh6.} Kh8 15. Be3 (15. exf5 $16 Nb8 16. Bg4) 15... f4 $11 16. Bxc5 Nxc5 17. Bg4 f3 18. O-O-O Bh6 19. Kb1 Bxd2 20. Qxd2 Rf4 21. Qe3 Bxg4 22. Rxg4 Rxg4 23. hxg4 Qf7 24. Rh1 Rf8 25. Qh6 {[%emt 0:05:09] Wards off Qg6} Qg7 {[%emt 0:04:28] ...Qxh6 is the strong threat.} 26. Qh5 Nd3 27. g5 Nf4 (27... Nxf2 $5 28. Rf1 $8 Nd3 29. Rxf3 Nf4 $15) 28. Qxf3 (28. Qh4 $11) 28... Qxg5 $15 29. Nb5 Rf7 30. Nc3 Rf6 (30... Qg8 $17 31. Qg3 Qxg3 32. fxg3 Nd3) 31. Nd1 (31. Nb5 $15) 31... Qg6 $17 32. Qe3 Qg2 33. Re1 {[%emt 0:00:33] [#]} b6 $1 34. Qc3 Nh3 (34... Rf7 $17 35. a3 Qh3) 35. c5 $1 $15 bxc5 (35... Nxf2 36. cxd6 cxd6 37. Nxf2 Qxf2 38. a3 $17) 36. Qxa5 Nxf2 37. Nxf2 Rxf2 {[%emt 0:00:16][%mdl 4096] Endgame. KQR-KQR} (37... Qxf2 $17 38. Rc1 Qg2 39. Qxc7 Qxe4+ 40. Ka1 Qg6 (40... Qxd5 41. Qd8+ Kg7 42. a4 $15)) 38. Qb5 {[%emt 0:00:17] [#]} (38. Qa8+ $1 $11 {keeps the balance.} Kg7 39. Qb8) 38... Qg3 (38... Rf8 $1 $17 {Threatens to win with ...h5.} 39. a4 Qg3) 39. Rh1 ({Better is} 39. Rf1 $11) 39... Qg6 (39... Rf8 $15) 40. Re1 Rf4 41. Qd3 (41. Qb8+ $11 Qg8 42. Qxc7) 41... Qe8 ({Black should play} 41... Qg2 $15) 42. Qh3 $11 {[%emt 0:01:10] The position is equal.} Rf8 43. Rg1 Rg8 44. Rxg8+ Kxg8 45. a4 Qxa4 46. Qc8+ Kg7 {[%emt 0:01:32] Weighted Error Value: White=0.22 (precise) /Black=0.19 (very precise) .  Mistake:       	White=6     	Black=6      Inaccurate:     	White=1     	---        OK:         	White=13    	Black=14     Best:        	White=3     	Black=2      Strong:       	White=1     	Black=1} 1/2-1/2

[Event "Czech Extraliga 2024-25"]
[Site "Czechia"]
[Date "2024.11.03"]
[Round "2.5"]
[White "Vyprachticky, David"]
[Black "Polak, Tomas"]
[Result "0-1"]
[ECO "C02"]
[WhiteElo "2356"]
[BlackElo "2470"]
[Annotator "TA"]
[PlyCount "78"]
[EventDate "2024.09.12"]
[EventType "team-tourn"]
[EventCountry "CZE"]
[SourceTitle "playchess.com"]
[Source "ChessBase"]
[SourceQuality "1"]
[TimeControl "40/5400+30:1800+30"]

1. e4 e6 2. d4 d5 3. e5 c5 4. c3 Nc6 5. Nf3 Qb6 6. a3 a5 7. Bd3 Bd7 8. O-O Nh6 (8... cxd4 $11 9. cxd4 Nxd4) 9. dxc5 $14 Bxc5 10. Nbd2 Ng4 {[%emt 0:08:48][%cal Rg4f2] White is slightly better.} 11. Qe2 f6 12. exf6 Nxf6 (12... gxf6 $11 {remains equal.} 13. h3 Nge5) 13. b4 $16 axb4 14. cxb4 Nd4 15. Qd1 Bd6 16. Bb2 Nxf3+ 17. Nxf3 O-O 18. Qe2 Rae8 19. Ne5 {[%emt 0:01:24] [#] Threatens to win with Nxd7.} Ba4 20. Kh1 Re7 21. Rac1 Be8 22. Rc8 Bh5 23. Rxf8+ Kxf8 24. f3 Kg8 25. g4 ({Better is} 25. Rc1 $16 {Hoping for Rc8+.} Rc7 26. Re1) 25... Be8 $11 26. g5 Bxe5 27. Qxe5 Nd7 28. Qd4 Bg6 29. Bxg6 hxg6 30. Rc1 {[%emt 0:00:29] Rc8+ would kill now.} Qb5 31. Rc8+ Nf8 32. Qd1 {[%emt 0:00:12] Prevents Qf1+.} (32. Kg2 $11) 32... Qd7 $1 $15 33. Rc2 (33. Ra8 $15) 33... e5 $17 34. Rc5 $2 {[%emt 0:00:57] Loses the game.} (34. Qd3 $17) 34... d4 $19 35. Qb3+ $2 (35. Bc1) 35... Kh7 {[%emt 0:00:31] aiming for ...Qh3.} 36. Qd5 (36. Qd1 $142) 36... Qh3 37. Kg1 {[%emt 0:00:19] [#] Wards off Qf1+} e4 $1 {[%emt 0:01:51][%mdl 512] Black mates.} 38. fxe4 (38. f4 Qe3+) 38... Qe3+ 39. Kg2 Rxe4 {[%emt 0:00:54] Weighted Error Value: White=0.39/Black=0.08 (flawless) .  Loses game:     	White=1     	---        Mistake:       	White=5     	Black=1      Inaccurate:     	White=2     	Black=1      OK:         	White=11    	Black=11     Best:        	White=3     	Black=6      Strong:       	---       	Black=1} 0-1

[Event "Czech Extraliga 2024-25"]
[Site "Czechia"]
[Date "2024.11.03"]
[Round "2.5"]
[White "Seidl, Jan"]
[Black "Rubes, Jan"]
[Result "1/2-1/2"]
[ECO "A30"]
[WhiteElo "2247"]
[BlackElo "2446"]
[Annotator "TA"]
[PlyCount "84"]
[EventDate "2024.09.12"]
[EventType "team-tourn"]
[EventCountry "CZE"]
[SourceTitle "playchess.com"]
[Source "ChessBase"]
[SourceQuality "1"]
[TimeControl "40/5400+30:1800+30"]

1. Nf3 Nf6 2. g3 b6 3. Bg2 Bb7 4. O-O e6 5. c4 Be7 6. b3 O-O 7. Bb2 c5 8. Nc3 d6 9. d4 cxd4 10. Qxd4 a6 11. Rfd1 Nbd7 12. e4 Qc7 13. Qe3 Rfe8 14. h3 Rac8 15. Rac1 Qb8 16. Nd4 {[%emt 0:00:51] White has an edge.} g6 17. Re1 Ba8 18. Kh2 Bf8 19. Qd2 h5 20. f4 (20. Kg1 $11) 20... Bh6 21. Nf3 (21. Rcd1 $11) 21... b5 $17 22. cxb5 axb5 {[%emt 0:00:05] aiming for ...b4.} 23. Ng5 b4 24. Na4 Rxc1 25. Bxc1 e5 26. Qf2 (26. Qd3 $142) 26... Bg7 $2 (26... exf4 $17 27. gxf4 d5 (27... Bxg5 $2 28. fxg5 Nxe4 29. Qf4 $19)) 27. f5 $11 Bc6 28. Bf1 (28. fxg6 $14 fxg6 29. Nb2) 28... d5 29. exd5 Bxd5 30. Rd1 {[%emt 0:01:16] [#] fxg6 is the strong threat.} Re7 (30... Rf8 $11) 31. fxg6 $14 {[%emt 0:05:34] White is more active.} fxg6 32. Nc5 (32. Nb2 $14) 32... Nxc5 $11 33. Qxc5 Rc7 34. Qf2 h4 35. g4 (35. gxh4 $14 Qc8 36. Be3) 35... Rxc1 {[%emt 0:05:02] The position is equal.} 36. Rxc1 {[%emt 0:00:23][%cal Of1c4] [#] Strongly threatening Bc4!} e4+ 37. Kg1 {[%emt 0:00:04][%cal Of1c4] Bc4! would now be deadly.} Qe5 $1 38. Rc8+ (38. Qe3 $5 Bf8 $8 39. Rd1 $11) 38... Bf8 {[%emt 0:00:13] A strong pair of Bishops.} 39. Qc5 Qg3+ 40. Bg2 Qe1+ 41. Kh2 (41. Bf1 $5 Qg3+ $8 42. Bg2 Qe1+ 43. Kh2 Qg3+ 44. Kh1 Qe1+ 45. Qg1 $11) 41... Qg3+ 42. Kg1 (42. Kh1 $5 Qe1+ $8 43. Kh2 Qg3+ 44. Kh1 Qe1+ 45. Kh2 $11) 42... Qe1+ {[%emt 0:00:04] Weighted Error Value: White=0.17 (very precise) /Black=0.23 (precise) .  Mistake:       	White=6     	Black=3      Inaccurate:     	White=2     	Black=2      OK:         	White=3     	Black=7      Best:        	White=3     	Black=8      Strong:       	---       	Black=1} 1/2-1/2

[Event "Czech Extraliga 2024-25"]
[Site "Czechia"]
[Date "2024.11.03"]
[Round "2.6"]
[White "Bartel, Mateusz"]
[Black "Piesik, Piotr"]
[Result "1-0"]
[ECO "C42"]
[WhiteElo "2613"]
[BlackElo "2421"]
[Annotator "TA"]
[PlyCount "55"]
[EventDate "2024.09.12"]
[EventType "team-tourn"]
[EventCountry "CZE"]
[SourceTitle "playchess.com"]
[Source "ChessBase"]
[SourceQuality "1"]
[TimeControl "40/5400+30:1800+30"]

1. e4 e5 2. Nc3 Nf6 3. Nf3 Bb4 4. d3 O-O 5. Bd2 d6 6. g3 c5 7. Bg2 Nc6 8. O-O {[%emt 0:00:46] The position is equal.} Nd4 9. Bg5 Bxc3 10. bxc3 Ne6 11. Bd2 b5 12. a4 bxa4 13. Nh4 c4 14. d4 (14. Rxa4 cxd3 15. cxd3 Nc5 $16) 14... Rb8 ({Black should try} 14... Bb7 $14) 15. Nf5 Qc7 (15... Nc7 $142) 16. Re1 (16. Rxa4 $142 a5 17. Qa1) 16... Re8 17. Rxa4 {[%emt 0:04:15] White is more active.} Bd7 18. Ra6 Rb6 19. Qa1 Ra8 20. Ne7+ Kh8 21. Nd5 Rxa6 22. Qxa6 Qc8 {[%emt 0:01:02] [#]} (22... Qb8 23. Ra1 (23. Qxc4 a5 $16) 23... Qb2) 23. Qxd6 $18 exd4 24. Nxf6 {[%emt 0:05:20] White is clearly winning.} gxf6 25. cxd4 a5 26. Qe7 c3 (26... Kg8 $142 27. Qxf6 Qd8 28. Qxd8+ Nxd8) 27. Bh6 Qd8 28. Qxf7 {[%emt 0:00:17] Weighted Error Value: White=0.24 (precise) /Black=0.52.  Mistake:       	White=1     	Black=4      Inaccurate:     	White=1     	Black=5      OK:         	White=11    	Black=4      Best:        	White=1     	Black=1} 1-0

[Event "Czech Extraliga 2024-25"]
[Site "Czechia"]
[Date "2024.11.03"]
[Round "2.6"]
[White "Jirovsky, Milos"]
[Black "Simacek, Pavel"]
[Result "1/2-1/2"]
[ECO "E14"]
[WhiteElo "2430"]
[BlackElo "2452"]
[Annotator "TA"]
[PlyCount "31"]
[EventDate "2024.09.12"]
[EventType "team-tourn"]
[EventCountry "CZE"]
[SourceTitle "playchess.com"]
[Source "ChessBase"]
[SourceQuality "1"]
[TimeControl "40/5400+30:1800+30"]

1. Nf3 d5 2. d4 Nf6 3. c4 e6 4. e3 Be7 5. b3 O-O 6. Bd3 Nbd7 7. Nc3 b6 8. cxd5 exd5 9. O-O Bb7 10. Bb2 Ne4 11. Qe2 Nxc3 {[%emt 0:05:35] The position is equal.} 12. Bxc3 a5 13. Rac1 Bd6 14. Rc2 Qe7 15. Rfc1 f5 16. Qe1 {[%emt 0:14:58] A rather calm draw.   Weighted Error Value: White=0.06 (flawless) /Black=0.08 (flawless) .  OK:         	White=2     	Black=3} 1/2-1/2

[Event "Czech Extraliga 2024-25"]
[Site "Czechia"]
[Date "2024.11.03"]
[Round "2.6"]
[White "Jurcik, Marian"]
[Black "Biolek, Richard Jr."]
[Result "1/2-1/2"]
[ECO "D07"]
[WhiteElo "2408"]
[BlackElo "2414"]
[Annotator "TA"]
[PlyCount "37"]
[EventDate "2024.09.12"]
[EventType "team-tourn"]
[EventCountry "CZE"]
[SourceTitle "playchess.com"]
[Source "ChessBase"]
[SourceQuality "1"]
[TimeControl "40/5400+30:1800+30"]

1. d4 d5 2. c4 Nc6 3. Nc3 Nf6 4. e3 dxc4 5. Bxc4 e5 6. Nf3 exd4 7. exd4 Bd6 8. Qe2+ Qe7 9. Qxe7+ Nxe7 (9... Kxe7 {seems wilder.} 10. O-O Re8 11. Ng5 Nxd4 12. Bxf7 Rd8) 10. Bg5 Bf5 11. O-O Ne4 12. Bxe7 Bxe7 13. Rfe1 Nxc3 14. bxc3 f6 {[%emt 0:06:16] Wards off Re5} 15. Nh4 Bd7 {[%emt 0:02:16] The position is equal.} 16. Re3 {[%emt 0:07:44] [#] Rae1 would now be deadly.} Kd8 17. Be6 g6 {[%emt 0:01:02] Dodges Nf5} 18. Rae1 {[%emt 0:00:29] aiming for Bxd7.} Bd6 19. Nf3 {[%emt 0:00:43] Weighted Error Value: White=0.04 (flawless) /Black=0.02 (flawless) .  Inaccurate:     	White=1     	---        OK:         	White=6     	Black=6} 1/2-1/2

[Event "Czech Extraliga 2024-25"]
[Site "Czechia"]
[Date "2024.11.03"]
[Round "2.6"]
[White "Kusa, Jakub"]
[Black "Cuhra, Martin"]
[Result "1/2-1/2"]
[ECO "A43"]
[WhiteElo "2401"]
[BlackElo "2277"]
[Annotator "RC"]
[PlyCount "97"]
[EventDate "2024.09.12"]
[EventType "team-tourn"]
[EventCountry "CZE"]
[SourceTitle "playchess.com"]
[Source "ChessBase"]
[SourceQuality "1"]
[TimeControl "40/5400+30:1800+30"]

1. d4 Nf6 2. Nf3 c5 3. d5 b5 4. e4 Nxe4 5. Bd3 Nd6 6. Bf4 Qb6 7. Nc3 c4 8. Be2 g6 9. Qd4 Qxd4 10. Nxd4 a6 11. Be5 f6 12. Bxd6 exd6 13. a4 b4 14. Nd1 a5 15. Ne3 Na6 16. Nxc4 Nc5 17. Nb5 Kf7 18. Nbxd6+ Bxd6 19. Nxd6+ Ke7 20. Nb5 Rb8 21. O-O Ba6 22. d6+ Kd8 23. b3 Rb6 24. Rfd1 Re8 25. Bc4 Bxb5 26. axb5 Nb7 27. Kf1 Re5 28. Rd3 Rc5 29. Rh3 h5 30. g4 Rxd6 31. gxh5 Rxh5 32. Rxh5 gxh5 33. Bd3 Kc7 34. Re1 Nc5 35. Bg6 Rd4 36. Bxh5 Rh4 37. Bf3 Rxh2 38. Re8 Kb6 39. Rb8+ Kc7 40. Rf8 Rh6 41. Rf7 Kb6 42. Be2 Kc7 43. Bg4 Rh4 44. b6+ Kxb6 45. Rxf6+ Kc7 46. Rg6 Rh7 47. Rg5 Kb6 48. Rg6+ Kc7 49. Rg5 1/2-1/2